 Dungeon Crawl Stone Soup version 0.29-a0-553-g81b289dbe5 (console) character file.

Game seed: 3327942402262681032

26652 om the Nimble (level 13, -1/112 HPs)
             Began as a Djinni Conjurer on June 6, 2022.
             Was an Elder of Makhleb.
             Slain by an ogre
             ... wielding a +0 giant club
              (13 damage)
             ... on level 2 of the Orcish Mines.
             The game lasted 00:53:08 (14561 turns).

om the Nimble (Djinni Conjurer)                    Turns: 14561, Time: 00:53:09

Health: -1/112     AC: 26    Str:  8    XL:     13   Next: 59%
Gold:   978        EV:  2    Int: 27    God:    Makhleb [****..] SH:  0 Dex: 14

rFire   . . .      SeeInvis +   P - +0 quarterstaff (freeze)
rCold   . . .      Faith    .   (shield currently unavailable)
rNeg    . . .      Spirit   .   (body armour currently unavailable)
rPois   ∞          Reflect  .   (helmet currently unavailable)
rElec   .          Harm     .   (cloak currently unavailable)
rCorr   .          Rampage  .   (gloves currently unavailable)
Will    +....      NoTele   +   (boots unavailable)
Stlth   +++.......              (no amulet)
HPRegen 0.28/turn               s - +6 ring of intelligence
MPRegen 0.00/turn               y - ring of see invisible

@: tree-form
A: stationary, stasis, torment immunity, boosted hp, sickness immunity, (fire
resistance 2), (cold vulnerability 1), float, innate caster, HP casting, extra
vitality 1
a: Renounce Religion, Minor Destruction, Lesser Servant of Makhleb, Major
Destruction


You were on level 2 of the Orcish Mines.
You worshipped Makhleb.
Makhleb was greatly pleased with you.
You were a tree.
You visited 3 branches of the dungeon, and saw 15 of its levels.
You also visited: Bailey.

You collected 978 gold pieces.

Inventory:

Hand Weapons
 c - a +0 dagger
 d - a +1 dagger of venom
 M - a +2 vorpal hand axe
 P - a +0 quarterstaff of freezing (weapon)
Missiles
 g - 4 throwing nets
Armour
 m - a +0 helmet (melded)
 r - the +4 leather armour of Defence (melded) {rC++ Regen+ Int-4 Slay+3}
   (You found it on level 5 of the Dungeon)

   Int:       It affects your intelligence (-4).
   Slay:      It affects your accuracy & damage with ranged weapons and melee
   (+3).
   rC:        It greatly protects you from cold.
   Regen:     It increases your rate of health regeneration.
 B - +0 steam dragon scales
 G - a +0 troll leather armour
 Q - a +2 robe of cold resistance
Magical Staves
 b - a staff of poison
Jewellery
 e - a +4 ring of protection
 h - a +6 ring of dexterity
 l - a ring of willpower
 q - an amulet of faith
 s - a +6 ring of intelligence (left branch)
 t - a ring of ice
 y - a ring of see invisible (right branch)
 K - a ring of resist corrosion
 N - a ring of protection from cold
 O - a ring of ice
 S - a ring of resist corrosion
Wands
 n - a wand of acid (19)
 u - a wand of charming (8)
 D - a wand of paralysis (8)
 F - a wand of flame (14)
 I - a wand of iceblast (7)
 R - a wand of mindburst (8)
Scrolls
 i - 7 scrolls of teleportation
 k - a scroll of acquirement
 o - 3 scrolls of enchant armour
 w - 3 scrolls of summoning
 A - a scroll of poison
 E - a scroll of magic mapping
 H - 2 scrolls of blinking {unknown}
 J - a scroll of enchant weapon {unknown}
 T - a scroll of fog
Potions
 a - a potion of resistance
 f - a potion of curing
 j - 2 potions of cancellation
 p - 7 potions of might
 v - a potion of berserk rage
 x - a potion of lignification
 z - 3 potions of brilliance {unknown}
 C - 4 potions of flight
 L - a potion of invisibility {unknown}


   Skills:
 - Level 5.0 Staves
 - Level 11.6 Armour
 + Level 12.9 Dodging
 - Level 5.0 Stealth
 * Level 9.4 Spellcasting
 - Level 4.0 Invocations
 + Level 4.4 Evocations


You couldn't memorise any spells.
You knew the following spells:

 Your Spells              Type           Power      Damage    Failure   Level
a - Magic Dart            Conj           100%       1d8       1%          1
b - Searing Ray           Conj           100%       2d8       1%          2
c - Dazzling Flash        Conj/Hex       100%       N/A       1%          3
d - Fulminant Prism       Conj/Hex       29%        3d14      1%          4
e - Iskenderun's Mystic   Conj/Tloc      59%        2d12      1%          4
f - Beastly Appendage     Tmut           100%       N/A       1%          1
g - Ensorcelled Hibernat  Hex/Ice        100%       N/A       1%          2
h - Tukima's Dance        Hex            59%        N/A       1%          3
i - Summon Lightning Spi  Summ/Air       59%        N/A       1%          4
j - Blade Hands           Tmut           29%        N/A       2%          5
k - Manifold Assault      Tloc           59%        N/A       2%          5
Your spell library was empty.

Dungeon Overview and Level Annotations

Branches:
Dungeon (12/15)            Temple (1/1) D:6            Lair (0/6) D:8
    Orc (2/2) D:12            Elf (0/3) Orc:2        Bailey (visited)

Altars:
Ashenzari
Cheibriados
Dithmenos
Elyvilon
Fedhas
Gozag
Hepliaklqana
Kikubaaqudgha
Makhleb
Nemelex Xobeh
Okawaru
Qazlal
Ru
Sif Muna
Trog
Uskayaw
Vehumet
Wu Jian
Xom
Yredelemnul
Zin
The Shining One

Shops:
D:9 *


Innate Abilities, Weirdness & Mutations

You are a tree.
Your roots penetrate the ground, keeping you stationary.
You cannot be teleported.
You are immune to unholy pain and torment.
Your maximum health is greatly increased.
Your equipment is partially melded.
You are immune to sickness and miasma.
You are immune to poison.
((Your flesh is very heat resistant. (rF++)))
((You are vulnerable to cold. (rC-)))
You float through the air rather than walking.
You learn spells naturally, not from books.
Your magical power is your life essence.
You have superior vitality. (+4 MHP)


Message History

The mystic blast hits the orc priest!
The orc priest is heavily wounded.
The orc priest is knocked back by the mystic blast.
The mystic blast hits the orc wizard!
The orc wizard is almost dead.
The orc wizard is knocked back by the mystic blast.
The mystic blast hits the orc wizard!
The orc wizard is heavily wounded.
The orc wizard is knocked back by the mystic blast.
The orc wizard collides with your lightning spire!
The mystic blast hits the orc wizard!
The orc wizard is severely wounded.
The orc wizard is knocked back by the mystic blast.
The mystic blast hits the orc!
You kill the orc!
Makhleb accepts your kill.
You feel better.
The mystic blast hits the orc warrior.
The orc warrior is heavily wounded.
The orc warrior is knocked back by the mystic blast.
The orc warrior slams into the rock wall!
The orc warrior is heavily wounded.
* * * LOW HITPOINT WARNING * * *
Your lightning spire disappears in a puff of smoke!
Casting: Iskenderun's Mystic Blast (mildly dangerous; 1% risk of failure)
Confirm with . or Enter, or press ? or * to list all spells.
You erupt in a blast of force!
The mystic blast hits the orc wizard!
You kill the orc wizard!
Makhleb accepts your kill.
You feel better.
The mystic blast hits the orc warrior!!
You kill the orc warrior!
Makhleb accepts your kill.
* * * LOW HITPOINT WARNING * * *
The orc wizard points at you and mumbles some strange words.
The puff of flame hits you but does no damage.
You closely miss the orc wizard.
The orc wizard is severely wounded.
The orc wizard hits you with a +0 dagger.
* * * LOW HITPOINT WARNING * * *
You feel better. The ogre hits you with a +0 giant club!
You die...

**,,,,,**
*****,,,,,,,* ###
**,,,**.##,,,*##.##
***,,,,,*#...,**#...#
*,**,,,,*,...#####.##
,,,,,,,,.,,##..#....#
*,,,,,,,...#..o....##
,,,,,,,,.......O)###
,,,,,,,,.......o♣#
*,,,,,,*.#.#...o)#
,,,,,,,,#...$.))##*
*,,,,,,,.....)...,**
**,,,,,,.........,,*
,,,,,,,,..........**
,,,,,,,,..........,*
,,,,,,,,.......##.#*
,,,,,,,,,,,,,,,,*,****


You could see an ogre, an orc priest and 2 orc wizards.

Vanquished Creatures
  A vault guard (Bailey)
  A hydra (D:12)
  3 two-headed ogres
  2 death yaks (D:8)
  Pikel (D:6)
  A cyclops (D:9)
  An ugly thing (D:11)
  2 manticores
  A gargoyle (D:12)
  2 unseen horrors
  3 kobold demonologists
  Maggie (D:9)
  A freezing wraith (D:9)
  A tengu conjurer (D:9)
  A komodo dragon (D:10)
  6 trolls
  2 wyverns
  2 shadows (D:12)
  6 yaks
  3 wraiths
  4 vampire mosquitoes (D:12)
  4 steam dragons
  3 humans (Bailey)
  A warg (Orc:2)
  A water moccasin (D:7)
  3 orc warriors
  2 black bears
  An ogre (D:5)
  6 centaurs
  2 phantoms
  2 lemures (D:5)
  5 bullfrogs
  A necrophage (D:5)
  A gnoll sergeant (D:11)
  2 scorpions
  8 wights
  A troll zombie (D:12)
  17 killer bees
  5 howler monkeys
  4 orc priests
  2 hounds
  A jelly (D:5)
  A gnoll shaman (D:7)
  4 iguanas
  6 orc wizards
  4 ogre zombies (D:12)
  26 gnolls
  8 adders
  A river rat (D:8)
  2 ufetubi (D:5)
  2 dart slugs
  20 orcs
  6 ball pythons
  4 endoplasms
  2 giant cockroaches
  7 goblins
  9 hobgoblins
  9 kobolds
  6 quokkas
  6 bats
  A goblin skeleton (D:12)
  A hobgoblin skeleton (D:12)
  2 hobgoblin zombies (D:12)
  2 orc skeletons (D:12)
  7 orc zombies (D:12)
  5 rats
258 creatures vanquished.

Vanquished Creatures (collateral kills)
  Fannar (D:10)
  A vault guard (Bailey)
  3 two-headed ogres
  A death yak (D:8)
  A deep elf pyromancer (D:9)
  A manticore (D:12)
  2 ugly things (D:9)
  An orc sorcerer (Orc:2)
  An efreet (D:9)
  A kobold demonologist (D:10)
  A troll (D:11)
  A hornet (D:9)
  Prince Ribbit (Bailey)
  A shadow (D:9)
  A wraith (D:9)
  3 humans (Bailey)
  2 steam dragons
  A vampire mosquito (D:12)
  3 orc warriors
  An ogre (D:5)
  A kobold brigand (D:10)
  6 bullfrogs (Bailey)
  A gnoll sergeant (D:7)
  A scorpion (D:6)
  2 wights (D:8)
  A howler monkey (D:7)
  An orc priest (Orc:2)
  A gnoll shaman (D:6)
  An ogre zombie (D:12)
  4 gnolls (D:7)
  2 orcs
  A hobgoblin (Bailey)
  2 kobolds (D:10)
  A goblin zombie (D:12)
  2 orc zombies (D:12)
55 creatures vanquished.

Vanquished Creatures (others)
  Maurice (D:9)
  3 dancing weapons
  A steam dragon (D:8)
  23 fulminant prisms
28 creatures vanquished.

Grand Total: 341 creatures vanquished

Notes
Turn   | Place    | Note
-------+----------+-------------------------------------------
     0 | D:1      | om the Djinni Conjurer began the quest for the Orb.
     0 | D:1      | Reached XP level 1. HP: 15/15 MP: 0/0
   154 | D:1      | Reached XP level 2. HP: 3/21 MP: 0/0
  1168 | D:1      | Found a faded altar of an unknown god.
  1198 | D:1      | Reached XP level 3. HP: 23/25 MP: 0/0
  1198 | D:1      | Learned a level 1 spell: Beastly Appendage
  1930 | D:2      | Reached XP level 4. HP: 18/31 MP: 0/0
  2287 | D:2      | Reached skill level 1 in Staves
  2337 | D:2      | Identified the +3 leather armour of Entitlement {Rampage
                  | Fly Will- Str-3}
  3176 | D:3      | Reached XP level 5. HP: 28/35 MP: 0/0
  3176 | D:3      | Learned a level 2 spell: Ensorcelled Hibernation
  4161 | D:4      | Found a sacrificial altar of Ru.
  4194 | D:4      | Reached skill level 3 in Dodging
  4194 | D:4      | Reached XP level 6. HP: 33/40 MP: 0/0
  4424 | D:5      | Entered Level 5 of the Dungeon
  4543 | D:5      | Identified the +4 leather armour of Defence {rC++ Regen+
                  | Int-4 Slay+3}
  4756 | D:5      | Reached skill level 1 in Armour
  4756 | D:5      | Reached XP level 7. HP: 39/45 MP: 0/0
  4756 | D:5      | Learned a level 3 spell: Tukima's Dance
  5127 | D:5      | Reached skill level 4 in Dodging
  5127 | D:5      | Reached XP level 8. HP: 49/50 MP: 0/0
  5799 | D:6      | Noticed Pikel
  5814 | D:6      | Killed Pikel
  5815 | D:6      | Reached skill level 5 in Staves
  5815 | D:6      | Reached skill level 5 in Spellcasting
  5824 | D:6      | Reached XP level 9. HP: 25/55 MP: 0/0
  5824 | D:6      | Learned a level 4 spell: Summon Lightning Spire
  5987 | D:6      | Reached skill level 5 in Armour
  6083 | D:6      | Found a staircase to the Ecumenical Temple.
  6089 | Temple   | Entered the Ecumenical Temple
  6331 | Temple   | Became a worshipper of Makhleb the Destroyer
  6600 | D:6      | Reached skill level 5 in Stealth
  7105 | D:7      | Reached * piety under Makhleb
  7872 | D:8      | Reached XP level 10. HP: 57/60 MP: 0/0
  7875 | D:8      | Reached skill level 5 in Dodging
  8186 | D:8      | Found a staircase to the Lair.
  8195 | D:8      | Noticed a death yak
  8199 | D:8      | Noticed a death yak
  8202 | D:8      | Noticed a death yak
  8225 | D:8      | Killed a death yak
  8226 | D:8      | Reached skill level 6 in Dodging
  8611 | D:8      | Killed a death yak
  8614 | D:8      | Killed a death yak
  8615 | D:8      | Reached skill level 7 in Dodging
  8615 | D:8      | Reached XP level 11. HP: 61/65 MP: 0/0
  8615 | D:8      | Learned a level 5 spell: Blade Hands
  8876 | D:9      | Reached ** piety under Makhleb
  8963 | D:9      | Noticed a two-headed ogre
  8979 | D:9      | Killed a two-headed ogre
  8980 | D:9      | Reached skill level 8 in Dodging
  9374 | D:9      | Noticed a two-headed ogre
  9379 | D:9      | Noticed a green ugly thing
  9381 | D:9      | Noticed a white ugly thing
  9381 | D:9      | Killed a two-headed ogre
  9382 | D:9      | Reached skill level 9 in Dodging
  9383 | D:9      | Killed a green ugly thing
  9404 | D:9      | Killed a white ugly thing
  9518 | D:9      | Noticed a cyclops
  9525 | D:9      | Killed a cyclops
  9588 | D:9      | Found Nilehio's Demolitions Depot.
  9801 | D:9      | Noticed a deep elf pyromancer
  9805 | D:9      | Killed a deep elf pyromancer
  9836 | D:9      | Noticed Maurice
  9837 | D:9      | Noticed a manticore
  9849 | D:9      | Killed Maurice
  9855 | D:9      | Killed a manticore
  9856 | D:9      | Reached skill level 10 in Armour
  9856 | D:9      | Reached skill level 10 in Dodging
  9939 | D:9      | Reached XP level 12. HP: 68/70 MP: 0/0
 10449 | D:9      | Noticed Maggie
 10460 | D:9      | Killed Maggie
 10960 | D:9      | Noticed a two-headed ogre
 10973 | D:9      | Killed a two-headed ogre
 10974 | D:9      | Reached skill level 11 in Dodging
 11003 | D:10     | Entered Level 10 of the Dungeon
 11060 | D:10     | Found a flagged portal.
 11080 | Bailey   | Entered a bailey
 11400 | Bailey   | Noticed a vault guard
 11420 | Bailey   | Killed a vault guard
 11420 | Bailey   | Reached *** piety under Makhleb
 11439 | Bailey   | Noticed Prince Ribbit
 11445 | Bailey   | Killed Prince Ribbit
 11451 | Bailey   | Noticed a vault guard
 11480 | Bailey   | Killed a vault guard
 11481 | Bailey   | Reached skill level 12 in Dodging
 11965 | D:10     | Noticed a sixfirhy
 11970 | D:10     | Reached skill level 1 in Invocations
 11970 | D:10     | Reached skill level 1 in Evocations
 12060 | D:10     | Identified a scroll of acquirement
 12112 | D:10     | Noticed a two-headed ogre
 12124 | D:10     | Killed a two-headed ogre
 12258 | D:10     | Noticed Fannar
 12265 | D:10     | Killed Fannar
 12299 | D:10     | Noticed a two-headed ogre
 12315 | D:10     | Killed a two-headed ogre
 12316 | D:10     | Reached XP level 13. HP: 57/75 MP: 0/0
 12316 | D:10     | Learned a level 5 spell: Manifold Assault
 13520 | D:11     | Identified the +2 robe of Opruosmav {Dex+3}
 13686 | D:12     | Found an ornate altar of the Wu Jian Council.
 13822 | D:12     | Reached **** piety under Makhleb
 13965 | D:12     | Found a staircase to the Orcish Mines.
 14096 | D:12     | Noticed a five-headed hydra
 14102 | D:12     | Killed a five-headed hydra
 14526 | Orc:1    | Entered Level 1 of the Orcish Mines
 14526 | Orc:1    | You are sucked into a shaft and drop 1 floor!
 14526 | Orc:2    | Entered Level 2 of the Orcish Mines
 14560 | Orc:2    | HP: 2/112 [orc wizard/+0 dagger (2)]
 14561 | Orc:2    | Slain by an ogre

Illustrated notes

Levels and vault maps discovered:
D:1:      lemuel_arrival_hallway, layout_basic,
          dreamdust_ecumenical_altar_grove, serial_glass, glass_columns_c,
          glass_columns_b, minmay_pentomino_q4
D:2:      layout_basic, st_stairs_13
D:3:      layout_loops_cross
D:4:      layout_cave_pools, nicolae_ru_awakened_eye
D:5:      layout_loops_ring
D:6:      layout_rooms, minmay_temple_entry_offerings, uniq_pikel
D:7:      layout_basic, st_stairs_11
D:8:      layout_basic, dpeg_lair_monsters, dreamdust_wishing_well
D:9:      minmay_the_grid_octo_tiled_octocenter [minmay_the_grid_octo_horde,
          minmay_the_grid_octo_tetromino_candy, minmay_the_grid_octo_toaster,
          minmay_the_grid_octo_chip, minmay_the_grid_octo_prize_star,
          minmay_the_grid_square_5x5_one_wall,
          minmay_the_grid_square_5x5_almost_minimal,
          minmay_the_grid_square_5x5_n,
          minmay_the_grid_square_5x5_half_checkered], layout_gridville,
          nicolae_blasting_shop, minivault_25, uniq_maggie, uniq_maurice
D:10:     layout_irregular_city, enter_bailey_7, uniq_fannar
D:11:     layout_loops_ring
D:12:     layout_roguey, zombieorc1_lemuel, serial_park_tiny_2, minivault_11,
          pdpol_wu_jian_five_deadly_venoms
Temple:   mainiacjoe_temple_hex_bubbles
Orc:1:    layout_diamond_mine, basic_altar, serial_shops,
          nicolae_shop_window_shopping, enter_volcano_2, uniq_urug
Orc:2:    st_orc_elflike, layout_caves, uniq_snorg

Skill      XL: |  1  2  3  4  5  6  7  8  9 10 11 12 13 |
---------------+----------------------------------------+-----
Spellcasting   | 4 5 6 8 9 |  9.4
Staves         | 1 2 3 5 |  5.0
Stealth        | 2 3 4 5 |  5.0
Dodging        | 3 4 7 10 12 | 12.9
Armour         | 1 2 4 5 7 10 11 | 11.6
Invocations    | 2 4 |  4.0
Evocations     | 2 4 |  4.4

Action                   |  1- 3 |  4- 6 |  7- 9 | 10-12 | 13-15 || total
-------------------------+-------+-------+-------+-------+-------++-------
Melee: Dagger            |     4 |    17 |       |       |       ||    21
       Staff             |     7 |    53 |     7 |    30 |    22 ||   119
       Punch             |       |     3 |       |       |       ||     3
       Unarmed           |       |       |       |    34 |     9 ||    43
       Quarterstaff      |       |       |       |       |   123 ||   123
 Cast: Magic Dart        |    48 |    51 |    80 |    80 |    12 ||   271
       Searing Ray       |     2 |    11 |    37 |    65 |    17 ||   132
       Fulminant Prism   |       |     1 |     9 |    13 |       ||    23
       Tukima's Dance    |       |       |     8 |    12 |       ||    20
       Ensorcelled Hiber |       |       |     4 |    13 |       ||    17
       Dazzling Flash    |       |       |     2 |     4 |       ||     6
       Summon Lightning  |       |       |     5 |    29 |     9 ||    43
       Iskenderun's Myst |       |       |       |    19 |    57 ||    76
       Blade Hands       |       |       |       |     3 |     1 ||     4
       Manifold Assault  |       |       |       |       |    54 ||    54
Invok: Lesser Servant of |       |       |       |       |     1 ||     1
  Use: Scroll            |     3 |     8 |     7 |     7 |     1 ||    26
       Potion            |       |       |       |     3 |     5 ||     8
 Stab: Sleeping          |     1 |     3 |     1 |     2 |     2 ||     9
       Distracted        |       |       |       |     1 |     1 ||     2
Armor: Robe              |     3 |    28 |       |       |       ||    31
       Leather armour    |       |    10 |    43 |    85 |    37 ||   175
       Skin              |       |       |       |       |    29 ||    29
Dodge: Dodged            |    15 |    86 |    56 |   213 |   118 ||   488

Table legend: (Time is in decaauts)
 A = Elapsed time spent in this place.
 B = Non-inter-level travel time spent in this place.
 C = Inter-level travel time spent in this place.
 D = Time resting spent in this place.
 E = Time spent auto-exploring this place.
 F = Levels seen in this place.
 G = Mean time per level.
                   A        B        C        D        E       F      G
               +--------+--------+--------+--------+--------+-----+--------+
         Total |  14581 |  14059 |    522 |   4321 |   7215 |  16 |  911.3 |
       Dungeon |  13634 |  13136 |    498 |   3932 |   6882 |  12 | 1136.2 |
        Temple |    251 |    228 |     23 |      0 |    224 |   1 |  251.0 |
  Orcish Mines |     34 |     34 |      0 |      0 |      0 |   2 |   17.0 |
        Bailey |    660 |    660 |      0 |    389 |    109 |   1 |  660.0 |
               +--------+--------+--------+--------+--------+-----+--------+

Top non-repeatable levels by time:
     D:9: 2140 daAuts
     D:2: 1436 daAuts
     D:1: 1337 daAuts
     D:3: 1202 daAuts
     D:7: 1104 daAuts
     D:5: 1100 daAuts
     D:8: 1085 daAuts
    D:10: 1013 daAuts
    D:11: 979 daAuts
    D:12: 877 daAuts
     D:6: 742 daAuts
  Bailey: 660 daAuts
     D:4: 613 daAuts
  Temple: 251 daAuts
   Orc:2: 34 daAuts
